 Dungeon Crawl Stone Soup version 0.32-a0-938-g40ac7a0f4d (webtiles) character file.

Game seed: 7874822574353491674

152 Griffin23 the Shield-Bearer (level 5, 0/47 HPs)
             Began as a Minotaur Fighter on Apr 15, 2024.
             Slain by a gnoll
             ... wielding a +0 spear
              (8 damage)
             ... on level 3 of the Dungeon.
             The game lasted 00:03:05 (1777 turns).

Griffin23 the Shield-Bearer (Minotaur Fighter)      Turns: 1777, Time: 00:03:05

Health: 0/47       AC: 10    Str: 22    XL:     5   Next: 11%
Magic:  4/4        EV:  7    Int:  5    God:
Gold:   110        SH:  4    Dex: 10    Spells: 4/4 levels left

rFire   . . .        a - +0 long sword
rCold   . . .        c - +0 buckler
rNeg    . . .        t - +0 chain mail
rPois   .            (helmet restricted)
rElec   .            m - +0 cloak
rCorr   .            (no gloves)
SInv    .            (no boots)
Will    .....        (no amulet) Stlth
                     (no ring)
HPRegen 0.27/turn    (no ring)
MPRegen 0.09/turn

%: no passive effects
@: no status effects
A: horns 2, retaliatory headbutt
a: no special abilities


You were on level 3 of the Dungeon.
You visited 1 branch of the dungeon, and saw 3 of its levels.

You collected 110 gold pieces.

Inventory:

Hand Weapons
 a - a +0 long sword (weapon)
Missiles
 r - 3 boomerangs (quivered)
Armour
 b - a +0 scale mail
 c - a +0 buckler (worn)
 m - a +0 cloak (worn)
 t - a +0 chain mail (worn)
Jewellery
 f - a ring of protection from cold
 k - a ring of wizardry
 q - an amulet of faith
Scrolls
 e - 2 scrolls of noise {unknown}
 g - a scroll of brand weapon {unknown}
 j - a scroll of revelation {unknown}
 n - 3 scrolls of torment {unknown}
 o - a scroll of amnesia {unknown}
 p - a scroll of vulnerability {unknown}
 s - 4 scrolls of identify {unknown}
 v - a scroll of blinking {unknown}
 w - a scroll of silence {unknown}
 x - 2 scrolls of fog {unknown}
 y - a scroll of fear {unknown}
Potions
 d - a potion of might
 h - a potion of curing
 i - a potion of brilliance {unknown}
 l - a potion of heal wounds
 u - a potion of cancellation {unknown}


   Skills:
 + Level 4.4 Fighting
 * Level 4.4 Long Blades
 + Level 4.5 Armour
 + Level 4.5 Shields


You had 4 spell levels left.
You didn't know any spells.
Your spell library contained the following spells:

 Spells                   Type           Power      Damage    Failure   Level
 Inner Flame              Hex/Fire       0%         N/A       100%        3
 Anguish                  Hex/Necr       0%         N/A       100%        4
 Cause Fear               Hex            0%         N/A       100%        4
 Flame Wave               Conj/Fire      0%         2d4       100%        4
 Sticky Flame             Fire/Alch      0%         2d4       100%        4
 Enfeeble                 Hex            0%         N/A       100%        7


Dungeon Overview and Level Annotations

Branches:
Dungeon (3/15)

Altars:


Innate Abilities, Weirdness & Mutations

You have a pair of horns on your head.
You reflexively headbutt those who attack you in melee.


Message History

The gnoll hits you but does no damage. The gnoll closely misses you.
The gnoll barely misses you. You furiously retaliate!
You headbutt the gnoll. You completely miss the gnoll. You headbutt the gnoll.
You kill the gnoll!
You block the gnoll's attack.
You are too injured to fight recklessly!
You are too injured to fight recklessly!
You are too injured to fight recklessly!
You are too injured to fight recklessly!
Unknown command.
You completely miss the gnoll. The gnoll closely misses you.
You block the gnoll's attack.
You closely miss the gnoll. You block the gnoll's attack.
The gnoll hits you with a +0 whip.
* * * LOW HITPOINT WARNING * * *
You hit the gnoll. Your headbutt misses the gnoll.
The gnoll is lightly wounded.
You block the gnoll's attack. The gnoll barely misses you.
You hit the gnoll.
The gnoll is moderately wounded.
You block the gnoll's attack. The gnoll hits you but does no damage.
You block the gnoll's attack. The gnoll hits you with a +0 whip.
* * * LOW HITPOINT WARNING * * *
You hit the gnoll.
The gnoll is heavily wounded.
The gnoll barely misses you. The gnoll hits you but does no damage.
You closely miss the gnoll.
The gnoll is heavily wounded.
The gnoll hits you with a +0 spear.
* * * LOW HITPOINT WARNING * * *
The gnoll closely misses you.
You hit the gnoll.
The gnoll is almost dead.
The gnoll hits you but does no damage. The gnoll hits you with a +0 whip.
* * * LOW HITPOINT WARNING * * *
You hit the gnoll.
You kill the gnoll!
The gnoll barely misses you. You furiously retaliate!
You headbutt the gnoll. The gnoll hits you with a +0 spear!
You die...

...###.#.#...# #....#
.......<.....# #....#
##########†..# #....# #.
....# #....# ##.# ##...#
#....# ...### #...#
##.#### ...# #...# #.....
########.################.
.........@)...............
########g###############..
#..## ##########.. ##..#
#...........
##.####.........#.
#....#...........
####.#.)....#..##
..#####...####.#..##
...........# #.#....


You could see a gnoll.

Vanquished Creatures
  A bombardier beetle (D:3)
  3 gnolls (D:3)
  An adder (D:2)
  3 ribbon worms (D:2)
  3 dart slugs
  An orc (D:3)
  6 ball pythons
  5 bats
  3 endoplasms
  2 giant cockroaches
  15 hobgoblins
  6 jackals
  4 quokkas
  2 frilled lizards
  7 goblins
  A kobold (D:2)
  3 rats
66 creatures vanquished.

Notes
Turn   | Place    | Note
-------+----------+-------------------------------------------
     0 | D:1      | Griffin23 the Minotaur Fighter began the quest for the Orb.
     0 | D:1      | Reached XP level 1. HP: 19/19 MP: 0/0
    96 | D:1      | Reached XP level 2. HP: 23/27 MP: 1/1
   651 | D:2      | Reached XP level 3. HP: 27/33 MP: 2/2
  1275 | D:2      | Reached XP level 4. HP: 38/40 MP: 3/3
  1759 | D:3      | Reached XP level 5. HP: 19/47 MP: 4/4
  1777 | D:3      | Slain by a gnoll

Illustrated notes

Levels and vault maps discovered:
D:1:      lightli_arrival_statue_moat, layout_rooms, st_stairs_2
D:2:      layout_loops_ring
D:3:      cheibrodos_greedy_goblins, layout_basic

Skill      XL: |  1  2  3  4 |
---------------+-------------+-----
Long Blades    | 3 4 |  4.4
Shields        | 4 |  4.5
Fighting       | 4 |  4.4
Armour         | 4 |  4.5

Action                     |  1- 3 |  4- 6 || total
---------------------------+-------+-------++-------
  Melee: Long sword        |   102 |    79 ||   181
         Headbutt          |    10 |     6 ||    16
    Use: Potion            |       |     2 ||     2
 Armour: Scale mail        |    69 |       ||    69
         Chain mail        |    30 |    82 ||   112
  Dodge: Dodged            |    59 |    41 ||   100
  Block: Buckler           |    33 |    25 ||    58

Table legend: (Time is in decaauts)
 A = Elapsed time spent in this place.
 B = Non-inter-level travel time spent in this place.
 C = Inter-level travel time spent in this place.
 D = Time resting spent in this place.
 E = Time spent auto-exploring this place.
 F = Levels seen in this place.
 G = Mean time per level.
                   A        B        C        D        E       F      G
               +--------+--------+--------+--------+--------+-----+--------+
         Total |   1821 |   1786 |     35 |      0 |   1173 |   3 |  607.0 |
       Dungeon |   1821 |   1786 |     35 |      0 |   1173 |   3 |  607.0 |
               +--------+--------+--------+--------+--------+-----+--------+

Top non-repeatable levels by time:
     D:2: 896 daAuts
     D:1: 583 daAuts
     D:3: 340 daAuts
